 Dungeon Crawl Stone Soup version 0.26-a0-854-gdc81c2f471 (webtiles) character file.

Game seed: 11335200435264085213

485 Qwerk the Magician (level 6, -3/32 HPs)
             Began as a Deep Elf Air Elementalist on Nov 22, 2020.
             Slain by an ogre
             ... wielding the +11 great mace "Fezanwop" {drain, Int+2 SInv Stlth+}
              (11 damage)
             ... on level 3 of the Dungeon.
             The game lasted 00:08:47 (4147 turns).

Qwerk the Magician (Deep Elf Air Elementalist)      Turns: 4147, Time: 00:08:47

Health: -3/32      AC:  3    Str:  5    XL:     6   Next: 88%
Magic:  17/17      EV: 12    Int: 28    God:
Gold:   212        SH:  0    Dex: 15    Spells: 10/17 levels left

rFire    . . .     SeeInvis .   j - +0 scythe (venom)
rCold    . . .     Faith    .   (shield currently unavailable)
rNeg     . . .     Spirit   .   a - +0 robe
rPois    .         Reflect  .   (no helmet)
rElec    .         Harm     .   (no cloak)
rCorr    .         Rampage  .   (no gloves)
MR       .....                  p - +0 pair of boots
Stlth    ++........             (no amulet)
HPRegen  0.10/turn              h - ring of flight
MPRegen  0.15/turn              k - +6 ring of intelligence

@: lightly drained
A: no striking features
a: Evoke Flight


You were on level 3 of the Dungeon.
You visited 1 branch of the dungeon, and saw 4 of its levels.

You collected 212 gold pieces.

Inventory:

Hand Weapons
 j - a +0 scythe of venom (weapon)
Missiles
 g - 8 poisoned darts (quivered)
Armour
 a - a +0 robe (worn)
 p - a +0 pair of boots (worn)
Jewellery
 h - a ring of flight (left hand)
 k - a +6 ring of intelligence (right hand)
Scrolls
 d - a scroll of remove curse
 i - a scroll of immolation {unknown}
 l - a scroll of teleportation {unknown}
 m - a scroll of noise {unknown}
 q - a scroll of random uselessness {unknown}
 s - a scroll of enchant armour {unknown}
 t - a scroll of blinking {unknown}
Potions
 b - a potion of flight {unknown}
 c - 2 potions of heal wounds {unknown}
 e - 2 potions of curing {unknown}
 f - 3 potions of might {unknown}
 n - a potion of invisibility {unknown}
 r - a potion of resistance {unknown}


   Skills:
 - Level 2.4(1.9) Dodging
 - Level 2.4(1.9) Stealth
 + Level 6.2(5.7) Spellcasting
 + Level 4.6(4.0) Conjurations
 + Level 5.1(4.5) Air Magic


You had 10 spell levels left.
You knew the following spells:

 Your Spells              Type           Power        Failure   Level
a - Shock                 Conj/Air       ####         1%          1
b - Swiftness             Air            ####....     1%          2
c - Airstrike             Air            ####......   10%         4

Your spell library contained the following spells:

 Spells                   Type           Power        Failure   Level
 Static Discharge         Conj/Air       ####....     3%          3
 Lightning Bolt           Conj/Air       ####......   28%         5


Dungeon Overview and Level Annotations

Branches:
Dungeon (4/15)
 Temple: D:4-7

Altars:
Cheibriados

Annotations:
D:3 Talorius's ghost, amateur GnTm


Message History

Confirm with . or Enter, or press ? or * to list all spells.
You can't see any susceptible monsters within range! (Use Z to cast anyway.)
Casting: Airstrike (quite dangerous; 8% risk of failure)
Confirm with . or Enter, or press ? or * to list all spells.
You can't see any susceptible monsters within range! (Use Z to cast anyway.)
Casting: Airstrike (quite dangerous; 8% risk of failure)
Confirm with . or Enter, or press ? or * to list all spells.
You can't see any susceptible monsters within range! (Use Z to cast anyway.)
Okay, then.
Drop what? 20/52 slots (_ for help) (? for menu, Esc to quit)
You drop a +0 pair of boots.
Okay, then.
You can't go down here!
There is a transporter here.
You enter the transporter and appear at another place.
The ogre hits you with the +11 great mace "Fezanwop" {drain, Int+2 SInv Stlth+}!!
Ouch! That really hurt!
* * * LOW HITPOINT WARNING * * *
You feel drained.
You die...

.# #)#..##..#
##........# .#
##.#..##..###.....###.#
##
##.©#$#..#.##.......###.
#...#?..(.©###.....#####
#..©#.#.O#.#......>.....
#.#.#..##..#.....#######
#.#.#..##O.####.##
#.#.#.#.O#.# #.#
#.#.#©.@.W.# #.#
#.#.######## #.# #.##.#
#.# ###### ####....# #.#
#..... #.......# #.#
#.#### #[####### #.###.#
#######.### #.....#
..........# #######
..#...#........


You could see 2 ogres and Talorius's ghost.

Vanquished Creatures
  Sigmund (D:3)
  2 ogres
  5 adders
  An ooze (D:2)
  An adder skeleton (D:4)
  2 worms
  A dart slug (D:1)
  2 leopard geckos
  10 bats
  6 giant cockroaches
  11 goblins
  7 hobgoblins
  5 jackals (D:1)
  7 kobolds
  2 quokkas
  10 frilled lizards
  6 rats
79 creatures vanquished.

Notes
Turn   | Place    | Note
-------+----------+-------------------------------------------
     0 | D:1      | Qwerk the Deep Elf Air Elementalist began the quest for the
                  | Orb.
     0 | D:1      | Reached XP level 1. HP: 10/10 MP: 6/6
   134 | D:1      | Reached XP level 2. HP: 15/15 MP: 2/8
   759 | D:1      | Reached XP level 3. HP: 19/19 MP: 8/10
  1448 | D:2      | Reached skill level 4 in Spellcasting
  1759 | D:2      | Reached XP level 4. HP: 24/24 MP: 9/12
  1808 | D:2      | Learned a level 4 spell: Airstrike
  1824 | D:2      | Noticed an ogre
  1837 | D:2      | Killed an ogre
  1838 | D:2      | Reached XP level 5. HP: 12/28 MP: 0/14
  2052 | D:2      | You fall into a shaft and drop 2 floors!
  2186 | D:4      | Found a snail-covered altar of Cheibriados.
  2409 | D:3      | Reached skill level 5 in Spellcasting
  2602 | D:3      | Noticed Sigmund
  2610 | D:3      | Killed Sigmund
  2611 | D:3      | Reached XP level 6. HP: 27/32 MP: 3/16
  2975 | D:2      | Learned a level 2 spell: Swiftness
  3500 | D:3      | Found a faded altar of an unknown god.
  3813 | D:3      | Found a transporter.
  3813 | D:3      | Identified the +11 great mace "Fezanwop" {drain, Int+2 SInv
                  | Stlth+}
  3815 | D:3      | Noticed Talorius's ghost (amateur GnTm)
  3822 | D:3      | Found a transporter.
  3856 | D:3      | Reached skill level 6 in Spellcasting
  3856 | D:3      | Reached skill level 5 in Air Magic
  4147 | D:3      | Slain by an ogre

Illustrated notes

Levels and vault maps discovered:
D:1:      dpeg_arrival_erosion, layout_basic, st_stairs_11,
          minmay_misc_feat_enclosed, chequers_garden, nrook_mini_vaults
D:2:      layout_loops_ring
D:3:      layout_loops_ring, lemuel_zombie_altar_kikubaaqudgha,
          gammafunk_ghost_smash, chequers_ecumenical_altar_twisty,
          kennysheep_generic_room_7, uniq_sigmund
D:4:      layout_loops_ring, kennysheep_mini_moat, uniq_edmund

Skill      XL: |  1  2  3  4  5  6 |
---------------+-------------------+-----
Conjurations   | 2 3 4 |  4.6
Spellcasting   | 4 5 6 |  6.2
Air Magic      | 4 5 |  5.1
Dodging        | |  2.4
Stealth        | |  2.4

Action                   |  1- 3 |  4- 6 || total
-------------------------+-------+-------++-------
Melee: Unarmed           |    10 |       ||    10
       Scythe            |       |     3 ||     3
 Cast: Shock             |    93 |    61 ||   154
       Airstrike         |       |     7 ||     7
  Use: Scroll            |       |     1 ||     1
Armor: Robe              |     3 |     1 ||     4
Dodge: Dodged            |    24 |    12 ||    36

Table legend: (Time is in decaauts)
 A = Elapsed time spent in this place.
 B = Non-inter-level travel time spent in this place.
 C = Inter-level travel time spent in this place.
 D = Time resting spent in this place.
 E = Time spent auto-exploring this place.
 F = Levels seen in this place.
 G = Mean time per level.
                   A        B        C        D        E       F      G
               +--------+--------+--------+--------+--------+-----+--------+
         Total |   4148 |   4128 |     20 |   1659 |   1843 |   4 | 1037.0 |
       Dungeon |   4148 |   4128 |     20 |   1659 |   1843 |   4 | 1037.0 |
               +--------+--------+--------+--------+--------+-----+--------+

Top non-repeatable levels by time:
     D:1: 1440 daAuts
     D:3: 1314 daAuts
     D:2: 1176 daAuts
     D:4: 217 daAuts
